 Dungeon Crawl Stone Soup version 0.19-a0-291-ga637243 (webtiles) character file.

234 epen the Gusty (level 5, -1/29 HPs)
             Began as a Deep Elf Air Elementalist on May 27, 2016.
             Slain by a wight
             ... wielding a cursed +0 scimitar
              (2 damage)
             ... on level 3 of the Dungeon.
             The game lasted 00:05:17 (2063 turns).

epen the Gusty (Deep Elf Air Elementalist)          Turns: 2063, Time: 00:05:21

Health: -1/29      AC:  4    Str:  5    XL:     5   Next: 75%
Magic:  9/13       EV: 13    Int: 21    God:
Gold:   114        SH:  0    Dex: 15    Spells: 3 memorised, 6 levels left

rFire  . . .     SeeInvis .     h - +0 short sword
rCold  . . .     Gourm    .     a - +1 robe
rNeg   . . .     Faith    .     (no shield)
rPois  .         Spirit   .     (no helmet)
rElec  .         Dismiss  .     (no cloak)
rCorr  .         Reflect  .     (no gloves)
SustAt .         Harm     .     g - +0 pair of boots
MR     .....                    v - amulet of magic regeneration
Stlth  ++........               (no ring)
                                (no ring)

@: repel missiles, drained, not resistant to hostile enchantments, unstealthy
A: no striking features
a: no special abilities


You were on level 3 of the Dungeon.
You were not hungry.

You visited 1 branch of the dungeon, and saw 3 of its levels.

You collected 114 gold pieces.

Inventory:

Hand Weapons
 h - a +0 short sword (weapon)
Missiles
 m - 2 throwing nets (quivered)
Armour
 a - a +1 robe (worn)
 g - a +0 pair of boots (worn)
Jewellery
 v - an amulet of magic regeneration (around neck)
Scrolls
 d - 4 scrolls of identify
 j - 3 scrolls of remove curse
 o - a scroll of fear
 q - a scroll of enchant weapon {unknown}
Potions
 e - 3 potions of cancellation
 f - a potion of curing {unknown}
 k - a potion of invisibility {unknown}
 l - a potion of brilliance {unknown}
 n - a potion of heal wounds {unknown}
 r - a potion of magic {unknown}
Books
 b - a book of Air

   Spells                             Type                      Level
   a - Shock                          Conjuration/Air              1
   b - Swiftness                      Charms/Air                   2
   c - Repel Missiles                 Charms/Air                   2
   d - Static Discharge               Conjuration/Air              3
   e - Lightning Bolt                 Conjuration/Air              5
Comestibles
 c - 2 bread rations
 i - 2 chunks of flesh
 p - a meat ration
 t - a royal jelly


   Skills:
 + Level 1.2(0.8) Fighting
 + Level 3.7(3.3) Dodging
 - Level 2.4(2.0) Stealth
 + Level 4.2(3.8) Spellcasting
 * Level 3.4(3.0) Conjurations
 * Level 4.2(3.8) Air Magic


You had 6 spell levels left.
You knew the following spells:

 Your Spells              Type           Power        Failure   Level  Hunger
a - Shock                 Conj/Air       ###.         3%          1    None
b - Repel Missiles        Chrm/Air       ##....       12%         2    #......
c - Static Discharge      Conj/Air       ###.....     12%         3    ###....


Dungeon Overview and Level Annotations

Branches:
Dungeon (3/15)

Altars:


Message History

Confirm with . or Enter, or press ? or * to list all spells.
Aiming: Shock
Press: ? - help, Shift-Dir - straight line, f - wight
Aim: a wight, wielding an enchanted short sword and wearing a robe (almost destroyed) That beam is likely to hit you.
Continue anyway?
The zap hits the wight.
You destroy the wight!
The zap misses you. The zap hits you!
Casting: Shock
Confirm with . or Enter, or press ? or * to list all spells.
Aiming: Shock
Press: ? - help, Shift-Dir - straight line, f - wight
Aim: a wight, wielding a scimitar and wearing a robe (lightly damaged)
The zap hits the wight.
The wight is lightly damaged.
The wight hits you with a scimitar!
Ouch! That really hurt!
* * * LOW HITPOINT WARNING * * *
You feel drained.
You die...

###### #..... #.####
######.#... #........##
###########.####.####
###..z@................
#...
#.>.###..########.#####
#... #.#.# ♣..♣ ♣.♣♣ #
####... #)### ♣..♣
♣♣.♣♣ ....... #.# ♣..♣
♣♣.♣ ......z #)# ♣..♣
♣.♣ ....... #.# ♣♣.♣♣
♣.♣ .....zz###.# ♣.♣♣
♣.♣ .......o...# ♣♣.♣
♣.♣


You could see a wight.

Vanquished Creatures
  2 wights (D:3)
  5 gnolls
  4 adders
  2 oozes
  A worm (D:2)
  A dart slug (D:2)
  A giant gecko (D:1)
  An orc (D:3)
  3 ball pythons
  4 giant cockroaches
  10 goblins
  3 hobgoblins
  8 bats
  2 giant newts (D:2)
  7 kobolds
  8 rats
62 creatures vanquished.

Notes
Turn   | Place    | Note
--------------------------------------------------------------
     0 | D:1      | epen the Deep Elf Air Elementalist began the quest for the Orb.
     0 | D:1      | Reached XP level 1. HP: 10/10 MP: 6/6
   238 | D:1      | Reached XP level 2. HP: 15/15 MP: 5/8
   909 | D:2      | Reached XP level 3. HP: 19/19 MP: 5/9
   928 | D:1      | Reached XP level 4. HP: 8/24 MP: 0/11
  1134 | D:2      | Learned a level 2 spell: Repel Missiles
  1138 | D:2      | Learned a level 3 spell: Static Discharge
  1163 | D:2      | Found a faded altar to an unknown god.
  1934 | D:3      | Reached XP level 5. HP: 28/28 MP: 6/12
  2056 | D:3      | Reached skill level 1 in Fighting
  2063 | D:3      | HP: 1/29 [wight/scimitar (15)]
  2063 | D:3      | Slain by a wight

Vault maps used:
D:1:      noname_arrival_rooms_in_the_neighbourhood, serial_forest,
          infiniplex_forest_end_2, infiniplex_forest_clump_long,
          infiniplex_forest_straight_5, infiniplex_forest_clump_long,
          infiniplex_forest_straight_5, infiniplex_forest_clump_tiny,
          hangedman_decor_slide_cut
D:2:      first_bread, ecumenical_altar_1
D:3:      forest_paths

Skill      XL: |  1  2  3  4  5 |
---------------+----------------+-----
Conjurations   | 2 3 |  3.4
Dodging        | 3 |  3.7
Spellcasting   | 4 |  4.2
Fighting       | 1 |  1.2
Air Magic      | 4 |  4.2
Stealth        | |  2.4

Action                   |  1- 3 |  4- 6 || total
-------------------------+-------+-------++-------
Melee: Unarmed           |     7 |       ||     7
       Whip              |     1 |     5 ||     6
 Cast: Shock             |    55 |    70 ||   125
       Repel Missiles    |       |     1 ||     1
  Use: Scroll            |       |     7 ||     7
  Eat: Chunk             |       |     3 ||     3
Armor: Robe              |     6 |     3 ||     9
Dodge: Dodged            |    15 |     7 ||    22
